Map: Cyber Forest LE

Players

IIIIIIIIIIII

  • Race: Zerg Zerg
  • Spawn Location: 11:00

Lambo - Winner!

  • Race: Zerg Zerg
  • League: Master
  • Spawn Location: 5:00

VOD

Have the link to the VOD?

Description

Time

  • Played on: Jan. 24, 2019, 8:21 a.m.
  • Length: 13:28
Show
View Real Time Build Order
Export as new Build Order

IIIIIIIIIIII Zerg 

Build Orders: Hatch First 

Get SALT Encoding   

  12  0:01  Drone  
  13  0:13  Overlord  
  13  0:19  Drone  
  14  0:31  Drone x2  
  16  0:50  Hatchery  
  16  0:53  Drone  
  16  0:58  Drone  
  16  1:01  Drone  
  18  1:12  Extractor  
  18  1:15  Spawning Pool  
  16  1:18  Drone  
  16  1:22  Drone  
  18  1:28  Drone  
  19  1:39  Overlord  
  19  1:49  Drone  
  20  2:00  Drone  
  21  2:02  Drone, Queen  
  21  2:04  Queen  
  26  2:12  Drone  
  26  2:14  Drone  
  28  2:22  Drone  
  29  2:24  Drone  
  30  2:34  Drone, Overlord  
  31  2:40  Lair  
  31  2:42  Queen  
  33  2:45  Evolution Chamber  
  33  2:50  Drone x2  
  34  2:55  Overlord  
  34  2:56  Drone  
  35  3:05  Roach Warren  
  34  3:08  Evolution Chamber  
  34  3:12  Zerg Missile Weapons Level 1  
  34  3:13  Drone x2  
  34  3:16  Drone  
  37  3:22  Extractor  
  37  3:23  Drone x3, Extractor  
  38  3:33  Drone x4  
  42  3:46  Glial Reconstitution  
  42  3:47  Drone x2  
  42  3:48  Drone x3  
  47  3:55  Overlord  
  47  3:58  Overlord  
  47  4:06  Overlord  
  47  4:18  Hatchery  
  47  4:19  Roach x3  
  47  4:23  Roach x2  
  56  4:28  Roach x2  
  56  4:31  Roach  
  62  4:33  Roach  
  62  4:37  Roach  
  66  4:41  Roach x2  
  66  4:45  Roach  
  72  4:47  Overlord  
  72  4:52  Overlord  
  72  4:58  Overlord  
  72  5:04  Roach x2  
  72  5:06  Overlord  
  76  5:15  Roach x5  
  76  5:18  Extractor  
  85  5:25  Drone x3  
  88  5:29  Drone x2  
  88  5:33  Spire  
  81  5:51  Drone x9  
  90  6:03  Overlord  
  90  6:06  Extractor  
  89  6:18  Overlord  
  89  6:20  Roach x9  
  107  6:37  Extractor  
  106  6:48  Mutalisk x7  
  120  6:59  Mutalisk x2  
  124  7:06  Mutalisk  
  127  7:08  Drone x4  
  130  7:16  Hatchery  
  130  7:17  Overseer  
  129  7:23  Zerg Flyer Weapons Level 1  
  129  7:29  Overlord  
  129  7:33  Overlord  
  129  7:37  Overlord  
  129  7:53  Pneumatized Carapace  
  129  7:54  Mutalisk x5  
  133  8:05  Mutalisk x2  
  122  8:12  Evolution Chamber  
  119  8:14  Overseer  
  111  8:29  Roach x9  
  111  8:30  Roach  
  119  8:41  Roach x5  
  111  8:53  Drone x2  
  111  8:54  Drone x2  
  101  9:01  Mutalisk x2  
  60  9:20  Mutalisk  
  60  9:22  Drone x3  
  46  9:38  Hatchery  
  40  9:45  Drone x2  
  31  11:14  Drone x2  
  32  11:44  Drone  
  33  12:14  Drone  
  35  12:15  Drone  
  35  12:34  Drone  
  36  12:44  Drone  
  37  13:01  Drone x2  
  39  13:15  Drone x2  
  41  13:23  Extractor  
  41  13:24  Extractor  
Show
View Real Time Build Order
Export as new Build Order

Lambo Zerg - Winner!

Build Orders: Hatch First 

Get SALT Encoding   

  12  0:01  Drone  
  13  0:13  Overlord  
  13  0:17  Drone  
  14  0:32  Drone x2  
  16  0:49  Hatchery  
  15  0:53  Drone  
  15  0:56  Drone  
  17  1:00  Drone  
  18  1:10  Extractor  
  17  1:15  Spawning Pool  
  16  1:19  Drone  
  16  1:22  Drone  
  18  1:28  Drone  
  19  1:40  Drone  
  20  1:50  Drone  
  21  2:00  Drone  
  22  2:02  Overlord, Queen x2  
  26  2:11  Drone  
  26  2:12  Drone  
  29  2:22  Zergling x2  
  29  2:23  Drone  
  30  2:35  Hatchery  
  29  2:38  Drone  
  29  2:43  Drone  
  31  2:44  Drone  
  31  2:45  Drone  
  31  2:50  Evolution Chamber  
  32  2:56  Drone  
  33  2:59  Drone  
  34  3:06  Overlord  
  34  3:08  Drone  
  34  3:14  Roach Warren  
  34  3:16  Zerg Missile Weapons Level 1  
  34  3:17  Drone x2  
  34  3:18  Lair  
  35  3:24  Drone  
  35  3:25  Drone x2  
  38  3:30  Drone  
  38  3:31  Overlord  
  39  3:34  Drone  
  39  3:37  Extractor  
  39  3:38  Extractor, Drone  
  39  3:40  Drone  
  40  3:43  Drone  
  40  3:45  Overlord  
  40  3:48  Drone  
  42  3:49  Drone  
  42  3:52  Drone  
  42  3:53  Drone  
  45  4:04  Queen  
  45  4:05  Drone  
  45  4:08  Overlord  
  48  4:12  Drone  
  48  4:13  Roach x2  
  48  4:16  Roach x2  
  57  4:20  Glial Reconstitution  
  57  4:22  Overseer  
  57  4:25  Drone  
  57  4:26  Drone x2  
  57  4:29  Drone x2  
  62  4:31  Drone  
  62  4:34  Drone  
  62  4:36  Roach  
  62  4:38  Roach  
  68  4:43  Drone x2  
  68  4:44  Roach  
  72  4:46  Overlord  
  72  4:52  Overlord  
  72  4:53  Roach  
  72  4:54  Overlord  
  74  5:00  Overlord  
  74  5:04  Roach x3  
  80  5:08  Roach  
  80  5:10  Zerg Ground Armor Level 1  
  80  5:13  Roach x2  
  86  5:15  Overlord  
  86  5:17  Extractor, Overlord  
  86  5:20  Overlord  
  85  5:24  Spore Crawler  
  85  5:25  Spore Crawler  
  85  5:27  Roach  
  85  5:33  Roach x4  
  95  5:42  Roach x2  
  90  5:44  Roach x2  
  90  5:49  Roach  
  94  5:50  Roach  
  94  5:53  Roach x2  
  94  5:54  Roach  
  100  5:58  Roach  
  100  5:59  Roach  
  100  6:02  Overlord  
  104  6:05  Tunneling Claws  
  104  6:08  Drone x2  
  106  6:12  Queen  
  106  6:16  Drone x3  
  111  6:20  Overlord  
  111  6:27  Roach x3  
  111  6:28  Roach  
  111  6:29  Overseer  
  111  6:32  Overlord  
  119  6:34  Roach  
  119  6:38  Overlord  
  121  6:42  Roach x2  
  121  6:43  Overlord  
  125  6:56  Overlord  
  125  6:57  Extractor  
  125  6:58  Roach x4  
  132  7:04  Zerg Missile Weapons Level 2  
  132  7:05  Roach x3  
  132  7:06  Roach  
  132  7:08  Drone  
  141  7:09  Drone  
  141  7:10  Drone  
  141  7:13  Ravager x2  
  141  7:15  Roach  
  147  7:21  Roach x3  
  153  7:30  Roach x4  
  153  7:35  Spore Crawler  
  153  7:36  Spore Crawler x2  
  155  7:37  Roach  
  155  7:38  Roach  
  155  7:40  Roach  
  155  7:42  Roach  
  160  7:48  Roach x2  
  160  7:49  Roach  
  150  7:53  Roach x2  
  153  7:59  Roach x2  
  151  8:07  Roach x3  
  151  8:15  Roach x3  
  151  8:19  Overlord  
  139  8:27  Overlord  
  139  8:30  Roach  
  133  8:40  Overlord  
  131  8:44  Spore Crawler  
  126  8:49  Roach x4  
  126  8:55  Spore Crawler x2  
  122  8:56  Spore Crawler  
  122  8:58  Roach  
  113  9:04  Spore Crawler  
  113  9:08  Roach  
  109  9:18  Burrow  
  107  9:37  Roach  
  107  9:38  Roach  
  97  9:49  Roach x2  
  91  9:54  Roach  
  67  10:08  Roach  
  67  10:09  Roach  
  49  10:23  Spore Crawler  
  49  10:25  Roach x3  
  49  10:26  Roach  
  48  10:32  Spore Crawler  
  48  10:33  Spore Crawler  
  48  10:34  Roach x10  
  46  10:50  Roach  
  44  10:58  Roach  
  44  10:59  Roach x2  
  48  11:06  Roach x4  
  44  11:12  Drone x3  
  41  11:20  Roach x7  
  33  11:28  Drone  
  33  11:29  Spore Crawler x2  
  30  11:46  Hydralisk Den  
  29  11:47  Roach x3  
  29  11:48  Roach  
  29  11:49  Drone  
  26  12:04  Queen  
  27  12:17  Drone x5  
  32  12:34  Drone x2  
  34  12:41  Drone  
  35  12:44  Infestation Pit  
  35  12:50  Drone  
  35  12:54  Roach x4  
  35  12:56  Roach  
  35  13:01  Drone  
  35  13:02  Drone  
  35  13:03  Drone  
  35  13:04  Drone  
Tags
 
Add a new tag
Caveats
  • Supply blocks, unpowered buildings, or Contaminate may cause inaccurate times.
  • Supply counts are checked every 10 seconds.